 Dungeon Crawl Stone Soup version 0.25.1-2-g60ff931df9 (webtiles) character file.

Game seed: 12245424331719356114

84921 Johnny the Impaler (level 14, -7/138 HPs)
             Began as a Demigod Gladiator on Aug 15, 2020.
             Shot with an arrow by a deep elf archer (9 damage)
             ... on level 2 of the Elven Halls.
             The game lasted 00:47:12 (28203 turns).

Johnny the Impaler (Demigod Gladiator)             Turns: 28203, Time: 00:47:13

Health: -7/138     AC: 14    Str: 31      XL:     14   Next: 97%
Magic:  0/35       EV: 13    Int: 17 (18) God:
Gold:   511        SH:  0    Dex: 25      Spells: 13/13 levels left

rFire    . . .     SeeInvis .   i - +8 halberd of Conscience {venom, Stlth+}
rCold    + + .     Gourm    .   (shield currently unavailable)
rNeg     . . .     Faith    .   x - +1 troll leather armour
rPois    .         Spirit   +   c - +0 helmet
rElec    .         Reflect  .   O - +1 cloak
rCorr    .         Harm     .   A - +0 pair of gloves
MR       +....                  y - +4 pair of boots of the Old World {MP+9}
Stlth    ++++......             d - amulet of guardian spirit
HPRegen  0.73/turn              e - ring "Ismuec" {*Drain +Inv Int+6 Dex+6 Slay+2}
MPRegen  0.24/turn              j - ring of Kuckuth {rC+ MP+9 Str+6 Stlth+}

@: confused, about to teleport, studying 2 skills, drained
A: thin skeletal structure 1, cold resistance 1, deterioration 1, high mp 1
a: Evoke Invisibility


You were on level 2 of the Elven Halls.
You were not hungry.

You visited 5 branches of the dungeon, and saw 25 of its levels.
You visited 1 bazaar.
You also visited: Bailey.

You collected 4475 gold pieces.
You spent 3964 gold pieces at shops.

Inventory:

Hand Weapons
 i - the +8 halberd of Conscience (weapon) {venom, Stlth+}
   (You bought it in a shop on level 2 of the Orcish Mines)

   It poisons the flesh of those it strikes.
   It makes you more stealthy.
 B - a +0 halberd
Armour
 c - a +0 helmet (worn)
 x - a +1 troll leather armour (worn)
 y - the +4 pair of boots of the Old World (worn) {MP+9}
   (You found it on level 4 of the Dungeon)

   It affects your magic capacity (+9).
 A - a +0 pair of gloves (worn)
 O - a +1 cloak (worn)
Jewellery
 d - an amulet of guardian spirit (around neck)
 e - the ring "Ismuec" (left hand) {*Drain +Inv Int+6 Dex+6 Slay+2}
   (You bought it in a shop on level 9 of the Dungeon)

   [ring of intelligence]

   It affects your intelligence (+6).
   It affects your dexterity (+6).
   It affects your accuracy and damage with ranged weapons and melee attacks
   (+2).
   It lets you turn invisible.
   It causes draining when unequipped.
 j - the ring of Kuckuth (right hand) {rC+ MP+9 Str+6 Stlth+}
   (You bought it in a shop on level 9 of the Dungeon)

   [ring of magical power]

   It affects your strength (+6).
   It protects you from cold.
   It affects your magic capacity (+9).
   It makes you more stealthy.
 E - a +6 ring of intelligence
 R - the amulet "Agenier" {Acrobat rElec Dex+3}
   (You bought it in a shop in a bazaar)

   [amulet of the acrobat]

   It helps you evade while moving and waiting.
   It affects your dexterity (+3).
   It insulates you from electricity.
 Y - a +6 ring of intelligence
Wands
 v - a wand of polymorph (6)
 G - a wand of random effects (54)
 S - a wand of flame (29)
Scrolls
 b - 3 scrolls of immolation
 l - 4 scrolls of enchant weapon
 p - 3 scrolls of teleportation
 r - 2 scrolls of fog
 t - 9 scrolls of remove curse
 z - a scroll of fear
 D - a scroll of noise
 K - a scroll of silence
 N - a scroll of holy word
 Q - 4 scrolls of enchant armour
 T - 2 scrolls of blinking
 X - a scroll of magic mapping
Potions
 h - a potion of invisibility
 k - 2 potions of might
 m - 7 potions of haste
 n - 2 potions of resistance
 q - a potion of lignification
 s - 8 potions of curing
 w - 5 potions of cancellation
 F - 3 potions of brilliance
 I - a potion of ambrosia
 P - 3 potions of flight
 U - a potion of magic
 V - a potion of berserk rage
Books
 u - a manual of Fighting
 C - a manual of Stealth
Comestibles
 a - 3 chunks of flesh
 f - 35 rations


   Skills:
 * Level 16.8(16.0) Fighting
 - Level 18.6(17.8) Polearms
 - Level 1.7(1.2) Throwing
 - Level 2.6(2.1) Dodging
 + Level 2.8(2.2) Stealth


You had 13 spell levels left.
You didn't know any spells.
Your spell library contained the following spells:

 Spells                   Type           Power        Failure   Level  Hunger
 Beastly Appendage        Tmut           #.....       26%         1    ##.....
 Magic Dart               Conj           #...         26%         1    ##.....
 Sandblast                Erth           #.....       26%         1    ##.....
 Blink                    Tloc           N/A          36%         2    ###....
 Call Imp                 Summ           #.......     36%         2    ###....
 Passwall                 Tmut/Erth      #.......     36%         2    ###....
 Slow                     Hex            #.......     36%         2    ###....
 Sticks to Snakes         Tmut           #.......     36%         2    ###....
 Swiftness                Chrm/Air       #.......     36%         2    ###....
 Conjure Flame            Conj/Fire      #.......     61%         3    ####...
 Mephitic Cloud           Conj/Pois/Air  #.......     61%         3    ####...
 Spider Form              Tmut/Pois      #.........   61%         3    ####...
 Stone Arrow              Conj/Erth      #.....       61%         3    ####...
 Ice Form                 Ice/Tmut       #.......     95%         4    #####..
 Leda's Liquefaction      Hex/Erth       #.........   95%         4    #####..
 Passage of Golubria      Tloc           N/A          95%         4    #####..
 Petrify                  Tmut/Erth      #.......     95%         4    #####..
 Blade Hands              Tmut           #.........   100%        5    ######.
 Bolt of Magma            Conj/Fire/Erth #.........   100%        5    ######.
 Irradiate                Conj/Tmut      #.........   100%        5    ######.
 Lee's Rapid Deconstruct  Erth           #.........   100%        5    ######.
 Darkness                 Hex            #.........   100%        6    #######
 Hydra Form               Tmut           #.........   100%        6    #######
 Invisibility             Hex            #.......     100%        6    #######
 Iron Shot                Conj/Erth      #.........   100%        6    #######
 Statue Form              Tmut/Erth      #........    100%        6    #######
 Dragon Form              Tmut           #.........   100%        7    #######
 Shatter                  Erth           #.........   100%        9    #######


Dungeon Overview and Level Annotations

Branches:
Dungeon (14/15)            Temple (0/1) D:4            Lair (6/6) D:11
  Swamp (0/4) Lair:2       Spider (0/4) Lair:2        Slime (1/5) Lair:5
    Orc (2/2) D:10            Elf (2/3) Orc:2        Bailey (visited)
 Vaults: D:13-14

Shops:
D:4 =   D:9 ??=[(   D:10 (   D:11 [((   Orc:1 *   Orc:2 ((:=[   Elf:1 [

Annotations:
Lair:3 3 runed translucent doors, Quickbrownfox's ghost, journeyman DsVM; harlaan's ghost, journeyman DESu
Lair:4 exclusion: 4 oklob plants


Innate Abilities, Weirdness & Mutations

You have an increased reservoir of magic. (+10% MP)
You have a somewhat thin skeletal structure. (Dex +2, Stealth)
Your flesh is cold resistant. (rC+)
Your body sometimes deteriorates upon taking damage.


Message History

The deep elf knight hits you with a +0 scimitar!
* * * LOW HITPOINT WARNING * * *
Your surroundings suddenly seem different.
Found 29 arrows, 14 gold pieces and a shiny sapphire ring.
Found a stone staircase leading down.
A dancing weapon, a fire elemental and 5 elves come into view.
There is a +1 vorpal battleaxe.
A deep elf mage is wielding a +0 rapier of draining.
As you read the scroll of teleportation, it crumbles to dust.
You feel strangely unstable.
You are confused.
You feel invigorated.
The deep elf archer shouts!
The deep elf knight shouts!
The deep elf mage shouts!
The deep elf knight casts a spell at you.
The shard of ice hits you! You partially resist.
* * * LOW HITPOINT WARNING * * *
The deep elf archer unwields a +0 dagger.
The deep elf archer wields a +0 shortbow.
The deep elf archer shoots an arrow.
The arrow hits you!
You die...

.#......+#
..#......##
..........##
...(e..$...#
...........#
...ee......#
..E....e...#
.☼..e..@...#
#.........##
##.......##
##>...(##
#######


You could see a deep elf archer (repels missiles), a deep elf knight, 3 deep elf
magi, a fire elemental (wandering) and a +1 vorpal battleaxe (wandering).

Vanquished Creatures
  The ghost of Peloso the Fencer, a journeyman MiFi of Okawaru (Orc:1)
  A ghoul (D:14)
  Azrael (D:12)
  A deep elf death mage (Elf:1)
  Josephine (D:11)
  4 ogre magi (Orc:2)
  3 centaur warriors
  Erolcha (D:12)
  3 hydras
  An anaconda (Lair:5)
  18 two-headed ogres
  2 death yaks (Lair:6)
  An unseen horror (D:13)
  A swamp dragon (Lair:1)
  A harpy (Lair:6)
  A lindwurm (shapeshifter) (Elf:1)
  4 deep elf magi (Elf:1)
  2 orc knights
  An orc sorcerer (Orc:2)
  2 manticores
  6 ugly things
  2 cyclopes
  12 elephants
  Maurice (D:12)
  12 black mambas
  A torpor snail (Lair:5)
  A centaur skeleton (D:14)
  11 spiny frogs
  An efreet (D:13)
  13 komodo dragons
  9 rime drakes
  Grum (D:8)
  3 tengu conjurers
  7 trolls
  2 polar bears (Lair:6)
  5 hornets
  13 blink frogs
  11 dream sheep
  7 hippogriffs
  2 shadows
  16 yaks
  7 wyverns
  4 fire elementals
  6 wraiths
  2 basilisks
  2 hungry ghosts
  A steam dragon (D:12)
  Eustachio (D:5)
  3 vampire mosquitoes (D:14)
  4 neqoxecs (Orc:1)
  Edmund (D:6)
  4 wargs
  2 hell hounds (D:12)
  21 water moccasins
  8 porcupines
  2 ice beasts
  24 orc warriors
  4 phantoms
  9 wolves
  4 sky beasts
  3 eyes of draining
  4 necrophages
  24 ogres
  8 centaurs
  11 crocodiles
  19 bullfrogs
  A big kobold (D:11)
  2 wyvern skeletons
  3 scorpions
  3 troll zombies (D:10)
  A killer bee (Lair:6)
  6 wights
  2 electric eels (Lair:2)
  5 crimson imps
  3 quasits (Orc:1)
  A bullfrog zombie (D:6)
  3 centaur zombies
  5 hounds
  12 orc priests
  A gnoll shaman (D:9)
  2 jellies
  24 orc wizards
  Ijyb (D:3)
  5 iguanas
  5 worker ants
  5 ogre zombies (D:10)
  A hound zombie (D:8)
  A hound skeleton (D:8)
  A mummy (D:14)
  2 howler monkey skeletons
  9 gnolls
  8 adders
  3 shadow imps
  An adder zombie (D:9)
  2 worms
  6 leopard geckos
  92 orcs
  7 bats
  6 giant cockroaches
  13 goblins
  4 hobgoblins
  10 jackals
  6 kobolds
  3 quokkas
  A ball python (D:2)
  A ball python zombie (D:5)
  3 frilled lizards
  A goblin skeleton (D:10)
  2 goblin zombies (D:10)
  A hobgoblin skeleton (D:10)
  3 hobgoblin zombies (D:10)
  A jackal skeleton (D:8)
  3 orc skeletons (D:10)
  15 orc zombies (D:10)
  A quokka zombie (D:6)
  12 rats
673 creatures vanquished.

Vanquished Creatures (collateral kills)
  Jorgrun (Orc:1)
  Erica (Orc:1)
  An elephant (Lair:6)
  A wolf (D:8)
  An orc priest (Orc:1)
5 creatures vanquished.

Vanquished Creatures (others)
  A human (D:14)
  A fire elemental (D:12)
  A wolf (D:8)
  A wight (D:7)
  A worker ant zombie (D:6)
  2 orcs (Bailey)
  18 fungi
  23 plants
  2 withered plants (Lair:3)
50 creatures vanquished.

Grand Total: 728 creatures vanquished

Notes
Turn   | Place    | Note
-------+----------+-------------------------------------------
     0 | D:1      | Johnny the Demigod Gladiator began the quest for the Orb.
     0 | D:1      | Reached XP level 1. HP: 17/17 MP: 3/3
    70 | D:1      | Reached skill level 3 in Polearms
   134 | D:1      | Reached XP level 2. HP: 22/24 MP: 4/4
   920 | D:2      | Reached XP level 3. HP: 29/29 MP: 5/5
  1244 | D:2      | Found a bloodstained altar of Trog.
  2125 | D:3      | Reached skill level 4 in Polearms
  2125 | D:3      | Reached XP level 4. HP: 27/37 MP: 6/6
  2418 | D:3      | Noticed Ijyb
  2440 | D:3      | Killed Ijyb
  2727 | D:4      | Reached XP level 5. HP: 10/45 MP: 7/7
  3069 | D:4      | Reached skill level 5 in Polearms
  3167 | D:4      | Found Deanumaj's Jewellery Shop.
  3573 | D:4      | Got a pair of faintly humming boots
  3579 | D:4      | Identified the +4 pair of boots of the Old World {MP+9}
                  | (You found it on level 4 of the Dungeon)
  3646 | D:4      | Found a staircase to the Ecumenical Temple.
  3688 | D:4      | You fall into a shaft and drop 2 floors!
  3762 | D:6      | Reached XP level 6. HP: 41/52 MP: 8/8
  3893 | D:6      | Reached skill level 6 in Polearms
  4059 | D:6      | Reached XP level 7. HP: 27/60 MP: 9/9
  4329 | D:6      | Noticed Edmund
  4346 | D:6      | Killed Edmund
  4346 | D:6      | Reached skill level 7 in Polearms
  5047 | D:5      | Entered Level 5 of the Dungeon
  5053 | D:5      | Reached skill level 5 in Fighting
  5269 | D:5      | Noticed Eustachio
  5274 | D:5      | Killed Eustachio
  5294 | D:5      | Found a shattered altar of Ashenzari.
  5319 | D:5      | Reached XP level 8. HP: 58/68 MP: 10/10
  5372 | D:5      | Reached skill level 8 in Polearms
  6407 | D:4      | Found a glowing golden altar of the Shining One.
  6408 | D:4      | Found an iron altar of Okawaru.
  6844 | D:7      | Reached skill level 9 in Polearms
  8090 | D:8      | Noticed Grum
  8107 | D:8      | Reached XP level 9. HP: 71/78 MP: 11/11
  8116 | D:8      | Killed Grum
  8138 | D:8      | Reached skill level 10 in Polearms
  8274 | D:8      | Found a sacrificial altar of Ru.
  8664 | D:9      | Found Jyareleph's Weapon Shop.
  8675 | D:9      | Bought a +0 scythe of protection for 67 gold pieces
  8762 | D:9      | Found a shadowy altar of Dithmenos.
  8795 | D:9      | Found Wick's Jewellery Emporium.
  8828 | D:9      | Found Hinauppu's Magic Scroll Shoppe.
  8836 | D:9      | Bought a scroll of identify for 26 gold pieces
  8836 | D:9      | Bought a scroll of identify for 26 gold pieces
  8836 | D:9      | Bought a scroll of teleportation for 39 gold pieces
  8843 | D:9      | Found Xomuolle's Magic Scroll Boutique.
  8853 | D:9      | Bought a scroll of identify for 26 gold pieces
  8853 | D:9      | Bought a scroll of identify for 26 gold pieces
  8853 | D:9      | Bought a scroll of holy word for 97 gold pieces
  8853 | D:9      | Bought a scroll of identify for 26 gold pieces
  8853 | D:9      | Bought a scroll of summoning for 123 gold pieces
  8857 | D:9      | Bought a scroll of identify for 26 gold pieces
  8857 | D:9      | Bought a scroll of noise for 13 gold pieces
  9148 | D:9      | Found Jal Mas's Antique Armour Shoppe.
  9233 | D:10     | Entered Level 10 of the Dungeon
  9263 | D:10     | Found a stormy altar of Qazlal.
  9311 | D:10     | Found a flagged portal.
  9329 | Bailey   | Entered a bailey
  9919 | Bailey   | Found a roughly hewn altar of Beogh.
  9919 | Bailey   | Noticed an orc knight
  9929 | Bailey   | Killed an orc knight
  9929 | Bailey   | Reached skill level 11 in Polearms
 10094 | D:10     | Found Hodyngas's Antique Weapon Emporium.
 10226 | D:10     | Found a shadowy altar of Dithmenos.
 10254 | D:10     | Noticed a cyclops
 10259 | D:10     | Killed a cyclops
 10259 | D:10     | Reached XP level 10. HP: 48/88 MP: 13/13
 10308 | D:10     | Got a polished quarterstaff
 10309 | D:10     | Identified the +5 quarterstaff of Ascent {venom, Dex+2}
                  | (You found it on level 10 of the Dungeon)
 11207 | D:10     | Reached skill level 12 in Polearms
 11333 | D:10     | Found a staircase to the Orcish Mines.
 11425 | Orc:1    | Entered Level 1 of the Orcish Mines
 11476 | Orc:1    | Found a roughly hewn altar of Beogh.
 11479 | Orc:1    | Found a transporter.
 11488 | Orc:1    | Noticed Jorgrun
 11852 | Orc:1    | Killed Jorgrun
 11858 | Orc:1    | Noticed Erica
 11868 | Orc:1    | Killed Erica
 12363 | Orc:1    | Found Uraodghes's Assorted Antiques.
 12450 | Orc:1    | Found a transporter.
 12473 | Orc:1    | Noticed Peloso's ghost (journeyman MiFi)
 12752 | Orc:2    | Entered Level 2 of the Orcish Mines
 12757 | Orc:2    | Noticed a two-headed ogre
 12758 | Orc:2    | Noticed a two-headed ogre
 12771 | Orc:2    | Noticed a two-headed ogre
 12787 | Orc:1    | Killed a two-headed ogre
 12787 | Orc:1    | Reached skill level 13 in Polearms
 12787 | Orc:1    | Reached XP level 11. HP: 69/97 MP: 14/14
 12885 | Orc:1    | Killed a two-headed ogre
 12973 | Orc:1    | Killed a two-headed ogre
 13342 | Orc:2    | Noticed a two-headed ogre
 13349 | Orc:2    | Killed a two-headed ogre
 13349 | Orc:2    | Reached skill level 10 in Fighting
 13563 | Orc:2    | Noticed a two-headed ogre
 13614 | D:11     | Found Neruss's Antique Weapon Shop.
 13638 | D:11     | Noticed a two-headed ogre
 13647 | D:11     | Killed a two-headed ogre
 13794 | D:11     | Noticed a two-headed ogre
 13803 | D:11     | Killed a two-headed ogre
 13803 | D:11     | Reached skill level 14 in Polearms
 13935 | D:11     | Found a flickering gateway to a bazaar.
 13991 | Bazaar   | Entered a bazaar
 14006 | Bazaar   | Found Izones's Antique Weapon Emporium.
 14021 | Bazaar   | Found Macziane's Gadget Emporium.
 14021 | Bazaar   | Found Ceikaado's Food Shoppe.
 14042 | Bazaar   | Found Kofrelaf's Gadget Emporium.
 14042 | Bazaar   | Found Ojeffin's Jewellery Shoppe.
 14063 | Bazaar   | Found Laocoycs's Jewellery Emporium.
 14063 | Bazaar   | Found Pussaroxi's Food Shoppe.
 14074 | Bazaar   | Bought the amulet "Agenier" {Acrobat rElec Dex+3} for 603
                  | gold pieces
 14125 | D:11     | Found a staircase to the Lair.
 14125 | D:11     | Noticed a two-headed ogre
 14125 | D:11     | Noticed Josephine
 14146 | D:11     | Killed Josephine
 14156 | D:11     | Killed a two-headed ogre
 14355 | D:11     | Noticed an orc knight
 14396 | D:11     | Killed an orc knight
 14620 | D:11     | Found Teupo's Armour Shoppe.
 14632 | D:11     | Noticed a centaur warrior
 14645 | D:11     | Killed a centaur warrior
 14645 | D:11     | Reached XP level 12. HP: 62/110 MP: 12/15
 14748 | D:11     | Found Ushrasu's Weapon Shop.
 14754 | D:11     | Found a roughly hewn altar of Beogh.
 14998 | D:12     | Reached skill level 15 in Polearms
 15065 | D:12     | Noticed Maurice
 15077 | D:12     | Killed Maurice
 15404 | D:12     | Noticed Erolcha
 15423 | D:12     | Killed Erolcha
 15520 | D:12     | Noticed Azrael
 16218 | D:12     | Killed Azrael
 16988 | D:13     | Reached skill level 16 in Polearms
 17465 | D:13     | Noticed a centaur warrior
 17490 | D:13     | Killed a centaur warrior
 18036 | Lair:1   | Entered Level 1 of the Lair of Beasts
 18289 | Lair:1   | Reached XP level 13. HP: 79/118 MP: 16/16
 18996 | Lair:2   | Found a hole to the Spider Nest.
 19711 | Lair:2   | Found a staircase to the Swamp.
 20338 | Lair:3   | Reached skill level 17 in Polearms
 20765 | Lair:3   | Found a runed translucent gate.
 20930 | Lair:3   | Found a runed translucent gate.
 20930 | Lair:3   | Found a runed translucent gate.
 20930 | Lair:3   | Noticed Quickbrownfox's ghost (journeyman DsVM)
 20931 | Lair:3   | Noticed harlaan's ghost (journeyman DESu)
 22987 | Lair:5   | Found a staircase to the Slime Pits.
 24078 | Lair:6   | Entered Level 6 of the Lair of Beasts
 24105 | Slime:1  | Entered Level 1 of the Pits of Slime
 24198 | Lair:6   | Reached XP level 14. HP: 127/129 MP: 17/17
 24206 | Lair:6   | Reached skill level 18 in Polearms
 25545 | Lair:5   | Identified a scroll of acquirement
 25549 | Lair:5   | Acquired 1930 gold pieces
 25694 | D:9      | Bought the ring "Ismuec" {*Drain +Inv Int+6 Dex+6 Slay+2}
                  | for 1142 gold pieces
 25694 | D:9      | Bought the ring of Kuckuth {rC+ MP+9 Str+6 Stlth+} for 642
                  | gold pieces
 25720 | D:9      | Bought a scroll of teleportation for 39 gold pieces
 25733 | D:9      | Bought a scroll of acquirement for 676 gold pieces
 25733 | D:9      | Bought a scroll of enchant armour for 97 gold pieces
 25733 | D:9      | Bought a scroll of fear for 45 gold pieces
 25734 | D:9      | Acquired a manual of Fighting
 25844 | Orc:1    | Gained mutation: You have large cloven feet. [a neqoxec]
 25854 | Orc:1    | Gained mutation: Scrolls take you a little longer to read.
                  | [a neqoxec]
 25858 | Orc:1    | Gained mutation: You are resistant to hostile enchantments.
                  | (MR+) [a neqoxec]
 25866 | Orc:1    | Killed Peloso's ghost
 25866 | Orc:1    | Gained mutation: Your body sometimes deteriorates upon
                  | taking damage. [a neqoxec]
 25875 | Orc:1    | Gained mutation: You occasionally shout uncontrollably at
                  | your foes. [a neqoxec]
 25876 | Orc:1    | Gained mutation: Scrolls take you longer to read. [a
                  | neqoxec]
 26069 | Orc:2    | Found Kuvom's Book Emporium.
 26069 | Orc:2    | Found Roujek's Antique Armour Shop.
 26110 | Orc:2    | Reached skill level 15 in Fighting
 26340 | Orc:2    | Found a staircase to the Elven Halls.
 26411 | Orc:2    | Found Vioni's Jewellery Emporium.
 26412 | Orc:2    | Found Kacy's Antique Weapon Boutique.
 26422 | Orc:2    | Bought a crystal halberd for 225 gold pieces
 26422 | Orc:2    | Identified the +8 halberd of Conscience {venom, Stlth+}
                  | (You bought it in a shop on level 2 of the Orcish Mines)
 26645 | Orc:2    | Found Laulis's Weapon Emporium.
 27030 | Elf:1    | Entered Level 1 of the Elven Halls
 27239 | D:14     | Noticed a ghoul
 27261 | D:14     | Killed a ghoul
 27560 | D:14     | Lost mutation: Your body sometimes deteriorates upon taking
                  | damage. [potion of mutation]
 27560 | D:14     | Lost mutation: You occasionally shout uncontrollably at
                  | your foes. [potion of mutation]
 27560 | D:14     | Lost mutation: You are resistant to hostile enchantments.
                  | (MR+) [potion of mutation]
 27560 | D:14     | Lost mutation: Scrolls take you longer to read. [potion of
                  | mutation]
 27560 | D:14     | Gained mutation: Your system is resistant to poisons.
                  | (rPois) [potion of mutation]
 27560 | D:14     | Gained mutation: You have a considerably increased
                  | reservoir of magic. (+20% MP) [potion of mutation]
 27561 | D:14     | Lost mutation: Your system is resistant to poisons. (rPois)
                  | [potion of mutation]
 27561 | D:14     | Lost mutation: You have a considerably increased reservoir
                  | of magic. (+20% MP) [potion of mutation]
 27561 | D:14     | Lost mutation: You have large cloven feet. [potion of
                  | mutation]
 27561 | D:14     | Lost mutation: Scrolls take you a little longer to read.
                  | [potion of mutation]
 27561 | D:14     | Gained mutation: Your body sometimes deteriorates upon
                  | taking damage. [potion of mutation]
 27561 | D:14     | Gained mutation: Your flesh is cold resistant. (rC+)
                  | [potion of mutation]
 27561 | D:14     | Gained mutation: You have a somewhat thin skeletal
                  | structure. (Dex +2, Stealth) [potion of mutation]
 28055 | Elf:1    | Reached skill level 1 in Stealth
 28117 | Elf:1    | Found Goyrik's Armour Shoppe.
 28200 | Elf:2    | HP: 3/138 [deep elf knight/+0 scimitar (5)]
 28203 | Elf:2    | Shot with an arrow by a deep elf archer

Illustrated notes

Levels and vault maps discovered:
D:1:      roderic_crop_circles_arrival_small, layout_basic
D:2:      layout_loops_ring, trog_book
D:3:      layout_basic, uniq_ijyb
D:4:      layout_gridville, gammafunk_temple_overflow_pools,
          minmay_temple_entry_ruins, first_ration, serial_shops,
          nicolae_shop_waterfront
D:5:      layout_basic, cheibrodos_ashenzari_chains, minmay_puff, uniq_eustachio
D:6:      layout_basic, uniq_edmund
D:7:      layout_layer_cave
D:8:      cheibrodos_quashed, layout_basic, nicolae_ru_the_path_less_chosen,
          uniq_grum
D:9:      layout_gridville, lemuel_round_altar, serial_shops,
          nicolae_shop_trees, shop, nicolae_shop_crystal, shop_fountains, shop
D:10:     layout_basic, zombieorc2_lemuel, basic_altar,
          lightli_bailey_entry_fortress, serial_shops, shop, grunt_tengu_nest,
          grunt_dithmenos_smoke
D:11:     layout_roguey [special_room_orc], lair_entry_dummy, serial_shops,
          bzr_entry_safe, nicolae_shop_behind_doors, shop,
          nicolae_shop_behind_doors, nrook_loot_triangle, uniq_josephine
D:12:     layout_cave_pools, kennysheep_generic_room_12, uniq_erolcha,
          uniq_azrael, uniq_maurice
D:13:     layout_irregular_city
D:14:     layout_cave_pods, ximxim_vaults_locker_room, serial_undead,
          serial_undead_d, serial_undead_f, serial_undead_d, serial_undead_a,
          minivault_13
Lair:1:   layout_loops_ring, st_stairs_6, beast_lair_carwin_7
Lair:2:   statuecave_lemuel, layout_regular_city, minmay_swamp_entry_reptiles,
          dummy_spider_entry, minivault_23, lemuel_fruit_fields
Lair:3:   layout_long_grid, gammafunk_ghost_cemetery, minivault_11
Lair:4:   layout_roguey, serial_forest, infiniplex_forest_clump_tiny,
          infiniplex_forest_clump_tiny, infiniplex_forest_straight_2,
          infiniplex_forest_clump_curved, infiniplex_forest_lined_3,
          infiniplex_forest_end_3, infiniplex_forest_clump_curved,
          infiniplex_forest_split, minmay_lair_oklob_chamber,
          lemuel_fruit_fields
Lair:5:   beast_lair_carwin_large_1, layout_cellular_growth, slime_dummy,
          chequers_serial_rivers_small_b, grunt_megastairs_1
Lair:6:   gammafunk_lair_ancient_temple, layout_long_grid, special_room
          [special_room_bee], chequers_serial_rivers_micro_e
Slime:1:  layout_caves, cheibrodos_slime_lost_civilization_7
Orc:1:    layout_caves, serial_shops, shop, gammafunk_ghost_stat_death,
          basic_altar, uniq_jorgrun, uniq_erica
Orc:2:    st_orc_ogre_mass, layout_caves, serial_shops,
          nicolae_shop_statue_plus, abandoned_shop
Elf:1:    minmay_elf_arrival_circle, layout_geoelf_octagon, serial_shops,
          nicolae_shop_statue_plus, minmay_elf_annihilation, uniq_louise
Elf:2:    layout_geoelf_octagon, hangedman_elf_targetted_burst

Skill      XL: |  1  2  3  4  5  6  7  8  9 10 11 12 13 14 |
---------------+-------------------------------------------+-----
Polearms       | 3 4 5 6 7 9 11 13 14 16 17 18 | 18.6
Fighting       | 2 3 4 5 6 8 9 11 12 13 16 | 16.8
Stealth        | 2 |  2.8
Throwing       | |  1.7
Dodging        | |  2.6

Action                   |  1- 3 |  4- 6 |  7- 9 | 10-12 | 13-15 || total
-------------------------+-------+-------+-------+-------+-------++-------
Melee: Trident           |   161 |   127 |   361 |       |       ||   649
       Scythe            |       |       |   123 |    31 |       ||   154
       Halberd           |       |       |     9 |       |   133 ||   142
       Quarterstaff      |       |       |       |   915 |   906 ||  1821
Throw: Throwing net      |       |     3 |     1 |     5 |       ||     9
Evoke: Wand              |       |     9 |    48 |    29 |    62 ||   148
       Phantom mirror    |       |       |       |     1 |       ||     1
  Use: Potion            |       |     1 |     2 |     5 |    11 ||    19
       Scroll            |       |       |    15 |    17 |    22 ||    54
 Stab: Sleeping          |     7 |       |       |     2 |     4 ||    13
       Distracted        |     1 |       |       |       |     3 ||     4
       Held in net/web   |       |     2 |     1 |     5 |       ||     8
       Invisible         |       |       |       |       |     6 ||     6
  Eat: Chunk             |     3 |     7 |    17 |    26 |    29 ||    82
       Ration            |       |       |     1 |     1 |     1 ||     3
Armor: Leather armour    |    27 |       |       |       |       ||    27
       Scale mail        |       |    59 |   201 |       |       ||   260
       Ring mail         |       |     2 |    25 |   110 |       ||   137
       Troll leather arm |       |       |       |   282 |   382 ||   664
Dodge: Dodged            |    99 |    63 |   281 |   572 |   623 ||  1638
